Unix NetHack Version 3.7.0-73 Work-in-progress - last build Feb 17 2023 02:16:44 (48fe2e8c4a70f1d2d5b622443eb9b5bc1b8d05f7,branch:master). Game began 2023-02-23 13:06:49, ended 2023-02-23 13:16:03. Gandelf, neutral male human Monk ------- --- ..... .| --.-- ------- ----..-----.| |...| |...|. |..G@.|...|.| ....| |...|. |..|Z.|...|.| |...| |...||------|..+...|.| #..<.| | |...|.|..|!%|.-----|.| ###----- |. ||---.|..|!.|.|(...|.| # | | -|--..{..-|-|..|.|.._.|.| # |..-.......)%....--|-.-%)..|.| #### -----|-..-----|-......|....|. # # |.-..|..||----------|.| #### |.|.)|[!|. |{.| |.| ## |.-[-|)=|. |.. +.| ## | --+-----..{.---------|------.|# ## ................................#######%## --------------------------------# Gandelf the Novice St:18 Dx:15 Co:14 In:7 Wi:13 Ch:10 Neutral S:1450 Dlvl:5 $:90 HP:0(30) Pw:26(26) AC:2 Xp:5/290 T:1110 Hungry Latest messages: You are hit by a dart. The gnome hits! The gnome hits! The gnome hits! You are conscious again. What do you want to eat? [g-jlvHJKO or ?*] ? You resume your meal. The gnome hits! You stop eating the food ration. You feel hungry. You kill the gnome! You kill the gnome lord! "Hello, Gandelf! Welcome to Moonjava's health food store!" "Will you please leave your pick-axe outside?" What do you want to drop? [$a-dg-mo-rt-zAC-FH-T or ?*] p You drop a pick-axe. "Hello, Gandelf! Welcome again to Moonjava's health food store!" Wait! That's a small mimic! You hit the small mimic! You hit the small mimic! You hit the small mimic! You kill the small mimic! You see here a potion called foo2 (for sale, 67 zorkmids). You see here a milky potion (for sale, 267 zorkmids). (For instructions type a '?') Call a milky potion: foo3 You stop. Moonjava is in the way! You kill the grid bug! You see here a pick-axe. p - a pick-axe. The grid bug misses! You kill the grid bug! You hear crashing rock. In what direction? l The door resists! In what direction? l The door closes. This door is locked. Unlock it with your key? [ynq] (q) y You hear someone beseeching Shan Lai Ching. You succeed in unlocking the door. The door opens. The gnome king hits! You hit the gnome king! The gnome king hits! You hit the gnome king! You hear crashing rock. The gnome king hits! You die... Do you want your possessions identified? [ynq] (y) q Inventory: Coins $ - 90 gold pieces Weapons y - 8 +1 arrows x - a +0 arrow I - a +0 arrow Q - 6 cursed +0 arrows D - 6 cursed -1 crossbow bolts R - a +0 bow E - a +0 crossbow z - a cursed +0 spear Armor a - an uncursed +2 pair of leather gloves (being worn) M - an uncursed +0 pair of iron shoes (being worn) N - an uncursed +0 dwarvish cloak P - an uncursed +0 dwarvish cloak S - an uncursed +0 dwarvish cloak b - an uncursed +1 robe (being worn) Comestibles O - an uncursed slime mold h - 6 uncursed apples g - 3 uncursed food rations H - 2 uncursed food rations J - a cursed partly eaten food ration j - 4 uncursed fortune cookies i - 5 uncursed oranges l - 3 cursed tripe rations K - a cursed tripe ration v - a cursed rotten tin of newt meat Scrolls T - an uncursed scroll of confuse monster w - an uncursed scroll of earth F - an uncursed scroll of enchant weapon o - a blessed scroll of remove curse d - an uncursed scroll of scare monster Spellbooks c - a blessed spellbook of protection Potions u - a blessed potion of object detection C - 5 potions of holy water Wands r - a blessed wand of speed monster (0:3) Tools q - an empty uncursed bag of holding A - a cursed leash p - a +0 pick-axe t - an uncursed skeleton key k - a cursed skeleton key m - an uncursed towel Gems/Stones L - an uncursed worthless piece of violet glass Gandelf the Monk's attributes: Background: You were a Novice, a level 5 male human Monk. You were neutral, on a mission for Chih Sung-tzu who was opposed by Shan Lai Ching (lawful) and Huan Ti (chaotic). You were in the Gnomish Mines, on level 5. You entered the dungeon 1110 turns ago. You had 290 experience points, 30 more were needed to attain level 6. Your score was 1450 before end-of-game adjustments. Basics: You had 0 out of 30 hit points. You had all 26 energy points (spell power). Your armor class was 2. Your wallet contained 90 zorkmids. Autopickup was on for '$?!+/=' plus thrown. Final Characteristics: Your strength was 18 (limit:18/100). Your dexterity was 15 (limit:18). Your constitution was 14 (limit:18). Your intelligence was 7 (limit:18). Your wisdom was 13 (limit:18). Your charisma was 10 (limit:18). Final Status: You were hungry. You were unencumbered. You were empty handed. You had basic skill with martial arts. Final Attributes: You were devoutly aligned. You were sleep resistant. You were poison resistant. You saw invisible. You were stealthy. You were guarded. You were fast. You are dead. Miscellaneous: You never encountered a bones level. Total elapsed playing time was 9 minutes and 14 seconds. Major events: Turn 1: Gandelf the neutral male human Monk entered the dungeon 476: entered the Gnomish Mines 498: attained the rank of Novice (level 3) 991: reached Mine Town 1110: killed by a gnome king Vanquished creatures: a small mimic a water nymph 3 gnome leaders 2 gnomish wizards 4 dwarves a monkey 18 gnomes 2 jackals 2 foxes 3 goblins 2 sewer rats 2 grid bugs a lichen 6 newts 48 creatures vanquished. No species were genocided or became extinct. Voluntary challenges: You followed a strict vegan diet. You never hit with a wielded weapon. You were illiterate. You never engraved Elbereth. You never genocided any monsters. You never polymorphed an object. You never changed form. You used no wishes. Achievements: You entered the Gnomish Mines. You attained the rank of Novice. You entered a shop. You entered Minetown. You entered a temple. The Dungeons of Doom: levels 1 to 2 Level 1: Some fountains. Level 2: A health food store, an altar to Chih Sung-tzu. Stairs down to The Gnomish Mines. The Gnomish Mines: levels 3 to 5 Level 3: Level 4: Level 5: <- You were here. A health food store, a temple, some fountains, a sink. Final resting place for you, killed by a gnome king. Game over: ---------- / \ / REST \ / IN \ / PEACE \ / \ | Gandelf | | 90 Au | | killed by a | | gnome king | | | | | | 2023 | *| * * * | * _________)/\\_//(\/(/\)/\//\/|_)_______ Goodbye Gandelf the Monk... You died in The Gnomish Mines on dungeon level 5 with 1441 points, and 90 pieces of gold, after 1110 moves. You were level 5 with a maximum of 30 hit points when you died.